 Dungeon Crawl Stone Soup version 0.29.0-4-gdea44cf6ec (webtiles) character file.

Game seed: 8252947674219637259

89 qw the Chopper (level 4, -6/26 HPs)
             Began as a Tengu Warper on Aug 28, 2022.
             Mangled by a gnoll
             ... wielding a +0 halberd
              (10 damage)
             ... on level 3 of the Dungeon.
             The game lasted 00:00:12 (1846 turns).

qw the Chopper (Tengu Warper)                       Turns: 1846, Time: 00:00:12

Health: -6/26      AC:  6    Str: 14    XL:     4   Next: 55%
Magic:  8/8        EV: 11    Int: 13    God:
Gold:   24         SH:  0    Dex: 13    Spells: 7/7 levels left

rFire   . . .      SeeInvis .   f - +0 hand axe (spect)
rCold   . . .      Faith    .   (no shield)
rNeg    . . .      Spirit   .   a - +0 ring mail
rPois   .          Reflect  .   (helmet restricted)
rElec   .          Harm     .   (no cloak)
rCorr   .          Rampage  .   g - +0 pair of gloves
Will    .....                   (boots unavailable)
Stlth   +.........              d - amulet of regeneration
HPRegen 0.88/turn               (no ring)
MPRegen 0.11/turn               (no ring)

@: about to teleport
A: beak, talons 3
a: no special abilities


You were on level 3 of the Dungeon.
You visited 1 branch of the dungeon, and saw 3 of its levels.

You collected 122 gold pieces.
You spent 98 gold pieces at shops.


Innate Abilities, Weirdness & Mutations

You have a beak for a mouth.
You have claws for feet.


   Skills:
 - Level 2.0 Fighting
 + Level 5.1 Axes
 - Level 1.0 Throwing
 - Level 1.1 Armour
 - Level 2.1 Dodging
 - Level 2.0 Spellcasting
 - Level 2.4 Translocations


You had 7 spell levels left.
You didn't know any spells.
Your spell library contained the following spells:

 Spells                   Type           Power      Damage    Failure   Level
 Blink                    Tloc           14%        N/A       30%         2
 Gell's Gravitas          Tloc           7%         N/A       52%         3
 Lesser Beckoning         Tloc           7%         N/A       52%         3
 Teleport Other           Tloc           7%         N/A       52%         3
 Manifold Assault         Tloc           7%         N/A       99%         5

Inventory:

Hand Weapons
 b - a +0 whip
 f - a +0 spectral hand axe (weapon)
Missiles
 l - a boomerang (quivered)
Armour
 a - a +0 ring mail (worn)
 g - a +0 pair of gloves (worn)
Jewellery
 d - an amulet of regeneration (around neck)
Scrolls
 h - 2 scrolls of identify
 i - 2 scrolls of teleportation
 j - a scroll of amnesia {unknown}
Potions
 c - a potion of flight {unknown}
 e - a potion of curing
 k - a potion of magic {unknown}

Dungeon Overview and Level Annotations

Branches:
Dungeon (3/15)

Altars:

Shops:
D:2 ?

Annotations:
D:2 1 runed translucent door, Crazy Yiuf


Message History

You throw a boomerang. The boomerang hits the giant cockroach.
You kill the giant cockroach!
A gnoll comes into view. It is wielding a +0 flail.
1837 ||| Stepping ~*~*~tactically~*~*~ (stealth).
The gnoll shouts!
A gnoll comes into view. It is wielding a +3 spear.
A gnoll comes into view. It is wielding a +0 club.
A gnoll comes into view. It is wielding a +0 halberd.
The gnoll shouts!
The gnoll hits you with a +0 club.
You barely miss the gnoll. You peck the gnoll, but do no damage.
Your +0 spectral hand axe hits the gnoll!
Your +0 spectral hand axe hits the gnoll.
The gnoll barely misses your +0 spectral hand axe.
The gnoll closely misses your +0 spectral hand axe.
You slash the gnoll!
You kill the gnoll!
A kobold comes into view. It is wielding a +0 club.
The gnoll hits you from afar with a +3 spear.
The gnoll barely misses you.
Your Axes skill increases to level 5!
The kobold shouts!
You hit the gnoll. You peck the gnoll, but do no damage.
The gnoll is severely wounded.
Your +0 spectral hand axe hits the gnoll.
Your +0 spectral hand axe barely misses the gnoll.
You hear a shout!
The gnoll hits you with a +0 flail. The gnoll barely misses you.
The gnoll hits you from afar with a +0 halberd!
Ouch! That really hurt!
A frilled lizard comes into view.
1845 ||| READING 3 scrolls of teleportation.
As you read the scroll of teleportation, it crumbles to dust.
You feel strangely unstable.
The gnoll barely misses you. x2; The gnoll closely misses you.
You hit the gnoll. You peck the gnoll.
You kill the gnoll!
The gnoll hits you from afar with a +3 spear.
The gnoll hits you from afar with a +0 halberd!
You die...

..........
#.......l.
.........#
#.......#
#.....K.#
#...g..g#
##....ยค).#
#......@.#
.#.######.# ....
#.#####..
....#####.....'..
..........#####..
...............#
......)........#
...............#
....####.......#


You could see 2 gnolls, a kobold and a frilled lizard.

Vanquished Creatures
  Jessica (D:2)
  2 gnolls (D:3)
  An orc (D:3)
  10 bats
  4 endoplasms
  7 giant cockroaches
  6 goblins
  3 hobgoblins
  3 kobolds
  2 quokkas
  2 ball pythons
  3 frilled lizards (D:1)
  2 rats (D:2)
46 creatures vanquished.

Notes
Turn   | Place    | Note
-------+----------+-------------------------------------------
     0 | D:1      | qw the Tengu Warper began the quest for the Orb.
     0 | D:1      | Reached XP level 1. HP: 12/12 MP: 4/4
     0 | D:1      | 0 ||| qw: Version: 0.1-a-89-g26bdef1
     0 | D:1      | 0 ||| qw: Game counter: 250
     0 | D:1      | 0 ||| qw: Always use a shield: true
     0 | D:1      | 0 ||| qw: God list: Okawaru
     0 | D:1      | 0 ||| qw: Allow faded altars: false
     0 | D:1      | 0 ||| qw: Do Orc after D:15 true
     0 | D:1      | 0 ||| qw: Do second Lair branch before Depths: true
     0 | D:1      | 0 ||| qw: Lair rune preference: random
     0 | D:1      | 0 ||| qw: Plans: Normal
     0 | D:1      | 0 ||| PLANNING D:1-11
    19 | D:1      | 19 ||| Stepping ~*~*~tactically~*~*~ (stealth).
    20 | D:1      | 20 ||| Stepping ~*~*~tactically~*~*~ (stealth).
    22 | D:1      | 22 ||| Stepping ~*~*~tactically~*~*~ (stealth).
    23 | D:1      | 23 ||| Stepping ~*~*~tactically~*~*~ (stealth).
    81 | D:1      | Reached skill level 3 in Axes
    81 | D:1      | Reached XP level 2. HP: 17/17 MP: 6/6
    93 | D:1      | You fall into a shaft and drop 1 floor!
   109 | D:2      | 109 ||| READING scroll labelled VELIJA ITHRU.
   110 | D:2      | 110 ||| DROPPING scroll of blinking.
   681 | D:1      | Reached XP level 3. HP: 21/21 MP: 7/7
   782 | D:1      | 782 ||| UPGRADING to +0 ring mail.
   792 | D:1      | 792 ||| DROPPING +0 leather armour.
   793 | D:1      | 793 ||| UPGRADING to +0 pair of gloves.
   798 | D:1      | 798 ||| UPGRADING to amulet of regeneration.
   803 | D:1      | 803 ||| READING scroll labelled CAOSIO JYKKILO.
   804 | D:1      | 804 ||| READING scroll labelled FERITEUSKI.
   873 | D:2      | Reached skill level 4 in Axes
  1016 | D:2      | Noticed Jessica
  1019 | D:2      | 1019 ||| Stepping ~*~*~tactically~*~*~ (hiding).
  1022 | D:2      | 1022 ||| Stepping ~*~*~tactically~*~*~ (hiding).
  1033 | D:2      | Killed Jessica
  1034 | D:2      | Reached XP level 4. HP: 20/26 MP: 8/8
  1170 | D:2      | Found Pashrat's Magic Scroll Shop.
  1185 | D:2      | 1185 ||| BUYING scroll of identify (28 gold).
  1185 | D:2      | Bought a scroll of identify for 28 gold pieces
  1185 | D:2      | 1185 ||| BUYING scroll of identify (28 gold).
  1185 | D:2      | Bought a scroll of identify for 28 gold pieces
  1185 | D:2      | 1185 ||| BUYING scroll of teleportation (42 gold).
  1185 | D:2      | Bought a scroll of teleportation for 42 gold pieces
  1185 | D:2      | 1185 ||| SHOPLISTING scroll of teleportation (42 gold, have
                  | 16).
  1380 | D:2      | Found a runed translucent door.
  1381 | D:2      | Noticed Crazy Yiuf
  1384 | D:2      | 1384 ||| READING scroll labelled VIOSKI CEFACAO.
  1385 | D:2      | 1385 ||| READING scroll labelled MUTOGU FEABLIE.
  1386 | D:2      | 1386 ||| DRINKING 2 purple potions.
  1387 | D:2      | 1387 ||| DRINKING 2 clear potions.
  1388 | D:2      | 1388 ||| READING 2 scrolls of identify.
  1388 | D:2      | 1388 ||| IDENTIFYING coppery potion
  1389 | D:2      | 1389 ||| DROPPING potion of attraction.
  1390 | D:2      | 1390 ||| DROPPING potion of invisibility.
  1703 | D:3      | 1703 ||| Stepping ~*~*~tactically~*~*~ (hiding).
  1704 | D:3      | 1704 ||| Stepping ~*~*~tactically~*~*~ (hiding).
  1827 | D:3      | 1827 ||| Stepping ~*~*~tactically~*~*~ (stealth).
  1837 | D:3      | 1837 ||| Stepping ~*~*~tactically~*~*~ (stealth).
  1844 | D:3      | Reached skill level 5 in Axes
  1844 | D:3      | HP: 6/26 [gnoll/+0 halberd (13)]
  1845 | D:3      | 1845 ||| READING 3 scrolls of teleportation.
  1846 | D:3      | Mangled by a gnoll

Levels and vault maps discovered:
D:1:      shiori_arrival_oz, layout_basic, st_stairs_4,
          nicolae_kite_square_tiling_tiny
D:2:      layout_basic, serial_shops, nicolae_shop_stone, uniq_jessica,
          uniq_crazy_yiuf_cottage
D:3:      minmay_door_path, layout_basic, ebering_ghost_reflecting_pool

Skill      XL: |  1  2  3  4 |
---------------+-------------+-----
Axes           | 3 4 5 |  5.1
Fighting       | |  2.0
Throwing       | |  1.0
Armour         | |  1.1
Dodging        | |  2.1
Spellcasting   | |  2.0
Translocations | |  2.4

Action                   |  1- 3 |  4- 6 || total
-------------------------+-------+-------++-------
Melee: Hand axe          |    42 |    19 ||    61
       Kick              |     6 |     2 ||     8
       Peck              |     3 |     4 ||     7
       Punch             |     1 |       ||     1
Throw: Boomerang         |     7 |     5 ||    12
  Use: Scroll            |     3 |     4 ||     7
       Potion            |       |     2 ||     2
Armor: Leather armour    |     2 |       ||     2
       Ring mail         |     5 |     3 ||     8
Dodge: Dodged            |    12 |    13 ||    25

Table legend:
 A = Non-vault XP
 B = Vault XP
 C = Vault XP percentage of total XP
 D = Non-vault monster count
 E = Vault monster count
 F = Vault count percentage of total count
                 A         B        C        D         E       F
            +---------+---------+-------+---------+---------+-------
      Total |     101 |      42 |  29.4 |      42 |       4 |   8.7
            +---------+---------+-------+---------+---------+-------
        D:1 |      31 |       5 |  13.9 |      18 |       3 |  14.3
        D:2 |      23 |      37 |  61.7 |      14 |       1 |   6.7
        D:3 |      47 |       0 |   0.0 |      10 |       0 |   0.0
            +---------+---------+-------+---------+---------+-------
